 Dungeon Crawl Stone Soup version 0.30.1-4-g462c640d31 (webtiles) character file.

Game seed: 16185733118515009292

55 croobank the Chopper (level 3, -3/31 HPs)
             Began as an Armataur Gladiator on Aug 25, 2023.
             Slain by a gnoll
             ... wielding a +0 flail
              (5 damage)
             ... on level 2 of the Dungeon.
             The game lasted 00:01:46 (963 turns).

croobank the Chopper (Armataur Gladiator)            Turns: 963, Time: 00:01:46

Health: -3/31      AC:  6    Str: 21    XL:     3   Next: 67%
Magic:  3/3        EV:  8    Int:  8    God:
Gold:   43         SH:  7    Dex: 11    Spells: 2/2 levels left

rFire   . . .        a - +0 war axe
rCold   . . .        j - +0 kite shield
rNeg    . . .        b - +0 leather armour
rPois   .            c - +0 helmet
rElec   .            g - +0 cloak
rCorr   +            (no gloves)
SInv    .            (no barding)
Will    .....        (no amulet)
Stlth   +            k - ring of resist corrosion
HPRegen 0.25/turn    (no ring)
MPRegen 0.08/turn

%: roll
@: mighty
A: large, rugged brown scales 3, deformed body, armoured tail, roll, long
tongue, awkward tongue
a: no special abilities


You were on level 2 of the Dungeon.
You visited 1 branch of the dungeon, and saw 2 of its levels.

You collected 43 gold pieces.

Inventory:

Hand Weapons
 a - a +0 war axe (weapon)
Missiles
 d - 3 throwing nets (quivered)
 e - a javelin
Armour
 b - a +0 leather armour (worn)
 c - a +0 helmet (worn)
 g - a +0 cloak (worn)
 j - a +0 kite shield (worn)
Magical Staves
 f - a staff of earth
Jewellery
 k - a ring of resist corrosion (left hand)
Scrolls
 h - a scroll of identify {unknown}
 i - a scroll of immolation {unknown}
 l - a scroll of teleportation {unknown}
 m - a scroll of blinking {unknown}
Potions
 o - a potion of brilliance {unknown}


   Skills:
 + Level 2.2 Fighting
 + Level 2.8 Axes
 + Level 2.2 Throwing
 + Level 2.4 Dodging
 * Level 1.5 Shields


You had 2 spell levels left.
You didn't know any spells.
Your spell library contained the following spells:

 Spells                   Type           Power      Damage    Failure   Level
 Apportation              Tloc           0%         N/A       78%         1
 Alistair's Intoxication  Tmut/Pois      0%         N/A       100%        5


Dungeon Overview and Level Annotations

Branches:
Dungeon (2/15)

Altars:


Innate Abilities, Weirdness & Mutations

You are completely covered in rugged brown scales. (AC +3, +7% HP)
Armour fits poorly on your strangely shaped body.
You have a long armoured tail.
You roll when moving toward enemies. (Rampage)
Your long tongue fully drains potion bottles. (2x potion effects)
Your tongue gives you trouble enunciating. (1.5x scroll delay)


Message History

You kill the gnoll!
You hit the endoplasm.
The endoplasm is almost dead.
You block the endoplasm's attack.
The endoplasm hits you but does no damage.
You slash the endoplasm!
You kill the endoplasm!
You block the gnoll's attack.
You barely miss the gnoll. You block the gnoll's attack.
You slash the gnoll!
The gnoll is severely wounded.
The gnoll hits you with a +0 club. You block the gnoll's attack.
You hit the gnoll.
The gnoll is almost dead.
The gnoll hits you with a +0 club.
You closely miss the gnoll.
The gnoll is almost dead.
You block the gnoll's attack. The gnoll hits you with a +0 club.
You hit the gnoll but do no damage.
The gnoll is almost dead.
The gnoll hits you but does no damage.
You barely miss the gnoll.
The gnoll is almost dead.
The gnoll hits you with a +0 club. x2
* * * LOW HITPOINT WARNING * * *
You hit the gnoll.
The gnoll is almost dead.
The gnoll hits you but does no damage.
You closely miss the gnoll.
The gnoll is almost dead.
The gnoll hits you with a +0 club.
* * * LOW HITPOINT WARNING * * *
The gnoll hits you but does no damage.
You completely miss the gnoll. You tail-slap the gnoll.
You kill the gnoll!
It was a potion of might.
You feel very mighty all of a sudden.
You slurp down every last drop of the potion of might!
The gnoll hits you with a +0 flail.
You die...

#........# ######.#####
#.....# #####.....#
..........#
..........####
######.......# ###g###.#
.######### ##@###.#
........#####......#
#......##......####
#<.....##.####.######
####.......#..>........#
.......................#
####......#............#
#......###).........#
#......# #..........#


You could see a gnoll.

Vanquished Creatures
  3 gnolls (D:2)
  2 ball pythons (D:1)
  2 endoplasms
  2 giant cockroaches (D:1)
  2 goblins
  4 hobgoblins (D:1)
  2 jackals (D:1)
  A quokka (D:1)
  2 bats (D:1)
  A frilled lizard (D:2)
  2 kobolds
  2 rats
25 creatures vanquished.

Notes
Turn   | Place    | Note
-------+----------+-------------------------------------------
     0 | D:1      | croobank the Armataur Gladiator began the quest for the
                  | Orb.
     0 | D:1      | Reached XP level 1. HP: 18/18 MP: 1/1
   348 | D:1      | Reached XP level 2. HP: 25/25 MP: 2/2
   945 | D:2      | Reached skill level 1 in Shields
   945 | D:2      | Reached XP level 3. HP: 29/31 MP: 3/3
   963 | D:2      | Slain by a gnoll

Illustrated notes

Levels and vault maps discovered:
D:1:      dpeg_arrival_simpleton_b, layout_basic, st_stairs_10
D:2:      layout_rooms, hellmonk_ecumenical_altar_prayer_group, basic_altar,
          grunt_decor_junction

Skill      XL: |  1  2 |
---------------+-------+-----
Fighting       | 2 |  2.2
Throwing       | 2 |  2.2
Shields        | 1 |  1.5
Axes           | |  2.8
Dodging        | |  2.4

Action                     || total
---------------------------++-------
  Melee: War axe           ||    73
         Tailslap          ||     6
    Use: Potion            ||     1
 Armour: Leather armour    ||    28
  Dodge: Dodged            ||    22
  Block: Kite shield       ||    23
